 Dungeon Crawl Stone Soup version 0.28-a0-1429-gf3d713df7a (webtiles) character file.

Game seed: 8206519089034522911

39 Gargoyl the Skirmisher (level 3, 0/35 HPs)
             Began as a Gnoll Abyssal Knight on Jan 8, 2022.
             Was a Follower of Lugonu.
             Slain by a hobgoblin (2 damage)
             ... led by Robin
             ... on level 2 of the Dungeon.
             The game lasted 00:01:35 (1662 turns).

Gargoyl the Skirmisher (Gnoll Abyssal Knight)       Turns: 1662, Time: 00:01:35

Health: 0/35       AC:  3    Str: 14    XL:     3   Next: 45%
Magic:  6/6        EV: 10    Int:  9    God:    Lugonu [*.....]
Gold:   13         SH:  9    Dex: 12    Spells: 3/3 levels left

rFire   . . .      SeeInvis .   a - +1 hand axe
rCold   . . .      Faith    .   c - +2 kite shield
rNeg    . . .      Spirit   .   b - +0 leather armour
rPois   .          Reflect  .   (no helmet)
rElec   .          Harm     .   (no cloak)
rCorr   .          Rampage  .   (no gloves)
Will    .....                   (no boots)
Stlth   +.........              (no amulet)
HPRegen 0.11/turn               (no ring)
MPRegen 0.10/turn               (no ring)

@: no status effects
A: fangs 1, strong nose, distributed training
a: Renounce Religion, Depart the Abyss


You were on level 2 of the Dungeon.
You worshipped Lugonu.
Lugonu was aware of your devotion.
You visited 1 branch of the dungeon, and saw 2 of its levels.
You visited the Abyss 1 time.

You collected 46 gold pieces.
You spent 33 gold pieces at shops.

Inventory:

Hand Weapons
 a - a +1 hand axe (weapon)
Armour
 b - a +0 leather armour (worn)
 c - a +2 kite shield (worn)
Scrolls
 d - a scroll of fog


   Skills:
 + Level 6.5 Fighting
 + Level 0.8 Short Blades
 + Level 0.8 Long Blades
 + Level 4.5 Axes
 + Level 0.8 Maces & Flails
 + Level 0.8 Polearms
 + Level 0.8 Staves
 + Level 0.8 Slings
 + Level 0.8 Bows
 + Level 0.8 Crossbows
 + Level 0.8 Throwing
 + Level 4.5 Armour
 + Level 2.6 Dodging
 + Level 0.8 Stealth
 + Level 0.8 Shields
 + Level 0.8 Unarmed Combat
 + Level 0.8 Spellcasting
 + Level 0.5 Conjurations
 + Level 0.5 Hexes
 + Level 0.5 Summonings
 + Level 0.5 Necromancy
 + Level 0.5 Translocations
 + Level 0.5 Transmutations
 + Level 0.5 Fire Magic
 + Level 0.5 Ice Magic
 + Level 0.5 Air Magic
 + Level 0.5 Earth Magic
 + Level 0.5 Poison Magic
 + Level 4.6 Invocations
 + Level 0.8 Evocations


You had 3 spell levels left.
You didn't know any spells.
Your spell library was empty.

Dungeon Overview and Level Annotations

Branches:
Dungeon (2/15)

Altars:

Shops:
D:1 :[![

Annotations:
D:2 Robin


Innate Abilities, Weirdness & Mutations

You have very sharp teeth.
Your uncanny sense of smell can sniff out nearby items.
Your experience applies equally to all skills.


Message History

You hit the goblin.
You kill the goblin!
Lugonu accepts your kill.
You closely miss the goblin.
A goblin comes into view. It is wielding a +0 club.
You block the frilled lizard's attack. The hobgoblin hits you.
The goblin completely misses you.
You hit the hobgoblin but do no damage. You hit the frilled lizard.
You closely miss the goblin. You block the frilled lizard's attack.
The goblin misses you.
The frilled lizard bites you but does no damage.
You block the goblin's attack. The hobgoblin misses you.
You hit the hobgoblin.
You bite the hobgoblin, but do no damage.
The hobgoblin is severely wounded.
You hit the goblin. You hit the hobgoblin. You closely miss the frilled lizard.
The hobgoblin hits you. The frilled lizard misses you.
You block the hobgoblin's attack. The goblin hits you with a +0 dagger.
* * * LOW HITPOINT WARNING * * *
Robin throws the goblin at you!
* * * LOW HITPOINT WARNING * * *
Unknown command.
You feel better. The goblin hits you with a +0 club.
* * * LOW HITPOINT WARNING * * *
The hobgoblin closely misses you. The frilled lizard misses you.
The hobgoblin hits you.
* * * LOW HITPOINT WARNING * * *
The goblin hits you but does no damage.
Unknown command.
You hit the hobgoblin.
You kill the hobgoblin!
Lugonu accepts your kill.
You miss the goblin. You hit the goblin.
You kill the goblin!
Lugonu accepts your kill.
You barely miss the hobgoblin. You hit the frilled lizard.
You kill the frilled lizard!
Lugonu accepts your kill. The goblin barely misses you. The hobgoblin hits you.
You die...

###...# ....... ####..#
....... ......# .......
####..####+###.
............. # .
#####.####.### .#..
.............. ..'..
######.###.#######g..#..
........)......g@J.g....
...####.##.##..)gB#####.
. #..#+##.....# ∆....
.......# .............#
#.............#
#.............#
#.............#


You could see Robin, an endoplasm, a giant cockroach, a hobgoblin (strong) and 2
goblins.

Vanquished Creatures
  An adder (D:2)
  A worm (D:2)
  2 ball pythons (D:1)
  2 endoplasms (D:1)
  A giant cockroach (D:2)
  6 goblins
  5 hobgoblins
  2 jackals (D:1)
  A bat (D:2)
  A frilled lizard (D:2)
  A kobold (D:1)
  4 rats
27 creatures vanquished.

Notes
Turn   | Place    | Note
-------+----------+-------------------------------------------
     0 | Abyss:1  | Gargoyl the Gnoll Abyssal Knight began the quest for the
                  | Orb.
     0 | Abyss:1  | Reached XP level 1. HP: 23/23 MP: 3/3
   138 | Abyss:3  | Noticed a thrashing horror
   138 | Abyss:3  | Noticed a small abomination
   143 | D:1      | Escaped the Abyss
   527 | D:1      | Noticed an ogre
   527 | D:1      | Noticed an ogre
   527 | D:1      | Noticed an ogre
   527 | D:1      | Noticed an ogre
   772 | D:1      | Reached XP level 2. HP: 29/29 MP: 5/5
   817 | D:1      | Found a faded altar of an unknown god.
   947 | D:1      | Found Foruas's Distillery.
   955 | D:1      | Bought a potion of curing for 33 gold pieces
   966 | D:1      | Found Cuget's Antique Armour Shoppe.
  1230 | D:1      | Found Vonom's Armour Shoppe.
  1285 | D:1      | Found Dusir's Book Shop.
  1640 | D:2      | Reached * piety under Lugonu
  1641 | D:2      | Reached XP level 3. HP: 35/35 MP: 6/6
  1648 | D:2      | Noticed Robin
  1662 | D:2      | Slain by a hobgoblin

Illustrated notes

Levels and vault maps discovered:
D:1:      erik_arrival_cave_to_civilisation [erik_arrival_cave_to_temple],
          layout_basic, serial_shops, shop, nicolae_shop_advertising_works
          [nicolae_subvault_shop_adworks], shop, shop_statue,
          hellmonk_ecumenical_altar_inner_sanctum, chequers_serial_rivers_room_b
D:2:      layout_basic, uniq_terence, uniq_robin

Action                   || total
-------------------------++-------
Melee: Hand axe          ||    57
       Bite              ||     9
Invok: Depart the Abyss  ||     1
  Use: Scroll            ||     3
       Potion            ||     1
Armor: Leather armour    ||    12
Dodge: Dodged            ||    46
Block: Kite shield       ||    18

Table legend: (Time is in decaauts)
 A = Elapsed time spent in this place.
 B = Non-inter-level travel time spent in this place.
 C = Inter-level travel time spent in this place.
 D = Time resting spent in this place.
 E = Time spent auto-exploring this place.
 F = Levels seen in this place.
 G = Mean time per level.
                   A        B        C        D        E       F      G
               +--------+--------+--------+--------+--------+-----+--------+
         Total |   1672 |   1637 |     35 |      0 |   1426 |   5 |  334.4 |
       Dungeon |   1528 |   1493 |     35 |      0 |   1300 |   2 |  764.0 |
         Abyss |    143 |    143 |      0 |      0 |    125 |   3 |   47.7 |
               +--------+--------+--------+--------+--------+-----+--------+

Top non-repeatable levels by time:
     D:1: 1201 daAuts
     D:2: 327 daAuts
 Abyss:3: 50 daAuts
 Abyss:2: 46 daAuts
 Abyss:1: 46 daAuts
